 Dungeon Crawl Stone Soup version 0.26.0-41-g79a4fc7684 (webtiles) character file.

Game seed: 16663022439412523128

62 kaeus the Ducker (level 4, -4/31 HPs)
             Began as an Octopode Fighter on Jan 27, 2021.
             Slain by Sigmund
             ... wielding a +2 scythe of distortion
              (10 damage)
             ... on level 2 of the Dungeon.
             The game lasted 00:01:34 (2130 turns).

kaeus the Ducker (Octopode Fighter)                 Turns: 2130, Time: 00:01:34

Health: -4/31      AC:  1    Str: 15    XL:     4   Next: 8%
Magic:  4/4        EV: 12    Int: 10    God:
Gold:   129        SH:  8    Dex: 12    Spells: 3/3 levels left

rFire    . . .     SeeInvis .   k - +2 long sword (elec)
rCold    . . .     Faith    .   b - +0 kite shield
rNeg     . . .     Spirit   .   (helmet restricted)
rPois    +         Reflect  .   (no amulet)
rElec    .         Harm     .   e - ring of poison resistance
rCorr    .         Rampage  .   (no ring)
Will     .....                  (no ring)
Stlth    +++.......             (no ring)
HPRegen  0.10/turn              (no ring)
MPRegen  0.09/turn              (no ring)
                                (no ring)
                                (no ring)

@: no status effects
A: almost no armour, stealthy swim, amphibious, 8 rings, constrict 8, camouflage
1, gelatinous body 1
a: no special abilities


You were on level 2 of the Dungeon.
You visited 1 branch of the dungeon, and saw 3 of its levels.

You collected 129 gold pieces.

Inventory:

Hand Weapons
 j - a +0 dagger of flaming
 k - a +2 long sword of electrocution (weapon)
Armour
 b - a +0 kite shield (worn)
Jewellery
 e - a ring of poison resistance (left tentacle)
Scrolls
 a - a scroll of enchant armour {unknown}
 d - 3 scrolls of teleportation {unknown}
 f - a scroll of identify {unknown}
 g - a scroll of remove curse {unknown}
Potions
 c - a potion of might
 h - a potion of lignification {unknown}
 i - a potion of brilliance {unknown}


   Skills:
 + Level 3.3 Fighting
 + Level 2.5 Short Blades
 + Level 3.3 Dodging
 * Level 2.9 Stealth
 + Level 3.3 Shields


You had 3 spell levels left.
You didn't know any spells.
Your spell library was empty.

Dungeon Overview and Level Annotations

Branches:
Dungeon (3/15)

Altars:

Annotations:
D:2 Sigmund


Innate Abilities, Weirdness & Mutations

You cannot wear most types of armour.
You are very stealthy in the water. (Stealth+)
You are amphibious.
You can wear up to eight rings at the same time.
You can use your tentacles to constrict eight enemies at once.
Your skin changes colour to match your surroundings (Stealth+).
Your rubbery body absorbs attacks. (AC +1, EV +1)


Message History

Sigmund is moderately wounded.
Sigmund casts a spell at himself.
Sigmund flickers and vanishes!
Deactivating autopickup; reactivate with Ctrl-A.
You closely miss something.
You hear some strange, mumbled words.
Something tries to affect you, but you resist.
Something hits you! Space bends around you.
You take 9 damage, and have 15/31 hp.
MASSIVE DAMAGE!!
You closely miss something. You squeeze something! Something hits you!
* * * LOW HITPOINT WARNING * * *
Space bends around you.
* * * LOW HITPOINT WARNING * * *
You take 8 damage, and have 7/31 hp.
MASSIVE DAMAGE!!
You hit the hobgoblin.
You kill the hobgoblin!
Something hits you.
* * * LOW HITPOINT WARNING * * *
Space warps horribly around you!
You die...

.............###...#####
###....#.###.....# #
#..##....#...####
#..#.....#......#
....#.....#.##.#..##
..#..........##.# ..#
....##.....>.##.###.######
..#.#..........{..#.......
###.#..<##.(####@......##
...... ##.....).>.....#
....####...........#...
.... ......)...#####
#.#####......# #......#
###.....# .......).###
.####......# ##.


There were no monsters in sight!

Vanquished Creatures
  3 adders (D:2)
  A dart slug (D:2)
  A leopard gecko (D:1)
  A ball python (D:1)
  2 bats
  3 giant cockroaches (D:1)
  4 goblins
  5 hobgoblins
  3 jackals (D:1)
  A quokka (D:2)
  2 frilled lizards
  3 kobolds (D:1)
  2 rats (D:1)
31 creatures vanquished.

Notes
Turn   | Place    | Note
-------+----------+-------------------------------------------
     0 | D:1      | kaeus the Octopode Fighter began the quest for the Orb.
     0 | D:1      | Reached XP level 1. HP: 16/16 MP: 1/1
    82 | D:1      | Reached skill level 1 in Stealth
   178 | D:1      | Reached XP level 2. HP: 21/21 MP: 2/2
   916 | D:1      | Reached XP level 3. HP: 8/26 MP: 3/3
  1605 | D:2      | Reached XP level 4. HP: 23/31 MP: 4/4
  1745 | D:2      | Noticed Sigmund
  2130 | D:2      | Slain by Sigmund

Illustrated notes

Levels and vault maps discovered:
D:1:      dpeg_arrival_arbitrary_a, layout_loops_ring
D:2:      layout_rooms, uniq_sigmund
D:3:      layout_loops_ring, minitemple, makhleb_heckhound_becter

Skill      XL: |  1  2 |
---------------+-------+-----
Stealth        | 1 2 |  2.9
Fighting       | |  3.3
Short Blades   | |  2.5
Dodging        | |  3.3
Shields        | |  3.3

Action                   |  1- 3 |  4- 6 || total
-------------------------+-------+-------++-------
Melee: Rapier            |    23 |       ||    23
       Constrict         |    15 |     1 ||    16
       Dagger            |    22 |       ||    22
       Tentacles         |     3 |     1 ||     4
       Long sword        |    15 |     9 ||    24
 Stab: Sleeping          |     6 |     1 ||     7
Armor: Skin              |     2 |       ||     2
Dodge: Dodged            |    40 |     2 ||    42
Block: Kite shield       |    36 |     1 ||    37
